 Dungeon Crawl Stone Soup version 0.26.1-16-g4e020e15dc (webtiles) character file.

Game seed: 14479540063594639837

1752 Froggeryz the Slicer (level 9, -12/63 HPs)
             Began as an Octopode Berserker on Feb 1, 2024.
             Was an Elder of Trog.
             Mangled by an eight-headed hydra (14 damage)
             ... on level 6 of the Dungeon.
             The game lasted 00:06:19 (6863 turns).

Froggeryz the Slicer (Octopode Berserker)           Turns: 6863, Time: 00:06:20

Health: -12/63     AC:  1    Str: 23    XL:     9   Next: 6%
Magic:  9/9        EV: 15    Int:  9    God:    Trog [****..]
Gold:   318        SH:  0    Dex: 14    Spells: 8/8 levels left

rFire    . . .     SeeInvis +   f - +1 short sword (venom)
rCold    . . .     Faith    .   (no shield)
rNeg     . . .     Spirit   .   (helmet restricted)
rPois    .         Reflect  .   (no amulet)
rElec    .         Harm     .   e - ring of see invisible
rCorr    .         Rampage  .   m - +6 ring of strength
Will     .....                  (no ring)
Stlth    +++.......             r - ring of flight
HPRegen  0.20/turn              (no ring)
MPRegen  0.11/turn              (no ring)
                                (no ring)
                                (no ring)

@: about to teleport
A: almost no armour, stealthy swim, amphibious, 8 rings, constrict 8, camouflage
1, gelatinous body 1
a: Renounce Religion, Evoke Flight, Berserk, Trog's Hand, Brothers in Arms


You were on level 6 of the Dungeon.
You worshipped Trog.
Trog was greatly pleased with you.
You visited 1 branch of the dungeon, and saw 6 of its levels.

You collected 318 gold pieces.

Inventory:

Hand Weapons
 a - a +1 dagger of holy wrath
 f - a +1 short sword of venom (weapon)
Missiles
 c - 4 boomerangs of dispersal
 l - 8 atropa-tipped darts (quivered)
Jewellery
 e - a ring of see invisible (left tentacle)
 m - a +6 ring of strength (right tentacle)
 n - an uncursed ring of ice
 r - a ring of flight (on tentacle)
Wands
 x - a wand of random effects (16)
Scrolls
 b - a scroll of immolation
 d - 5 scrolls of teleportation
 i - a scroll of fog
 j - a scroll of enchant weapon
 s - a scroll of enchant armour
 u - a scroll of blinking {unknown}
Potions
 g - a potion of mutation
 h - a potion of resistance {unknown}
 k - a potion of heal wounds {unknown}
 o - a potion of lignification {unknown}
 p - a potion of flight {unknown}
 q - 2 potions of invisibility {unknown}
 t - a potion of magic {unknown}
 v - a potion of haste


   Skills:
 + Level 6.7 Fighting
 * Level 9.1 Short Blades
 + Level 4.5 Dodging
 - Level 3.1 Stealth


You had 8 spell levels left.
You didn't know any spells.
Your spell library was empty.

Dungeon Overview and Level Annotations

Branches:
Dungeon (6/15)
 Temple: D:4-7

Altars:
Cheibriados
Yredelemnul


Innate Abilities, Weirdness & Mutations

You cannot wear most types of armour.
You are very stealthy in the water. (Stealth+)
You are amphibious.
You can wear up to eight rings at the same time.
You can use your tentacles to constrict eight enemies at once.
Your skin changes colour to match your surroundings (Stealth+).
Your rubbery body absorbs attacks. (AC +1, EV +1)


Message History

There is an open door here.
There is an open door here.
You hear the brisk rusting of a distant drain.
You see here a robe.
A worker ant zombie comes into view.
Items here: )) [ ††.
The eight-headed hydra bites you!
The eight-headed hydra completely misses you.
The eight-headed hydra bites you. The eight-headed hydra misses you.
The eight-headed hydra closely misses you. x2
The eight-headed hydra bites you. The eight-headed hydra bites you!
Items here: )) [[ ††.
As you read the scroll of teleportation, it crumbles to dust.
You feel strangely unstable.
The eight-headed hydra completely misses you.
The eight-headed hydra closely misses you. x2
The eight-headed hydra bites you! x2
* * * LOW HITPOINT WARNING * * *
The eight-headed hydra bites you!
You die...

##.## ###. #..###.. #.#
#$[##..##.###. #.#
#[!##.. #.# #. #.#
########### #.# #.
####.# #..##....####.#
#. #.[..#
#.##.####....## #.
#####.#### #.##.#
######### #.......#
#.##.# #..'....#
#.###.#.#
#@##.####..#.88.# #.#
#.#.####D###†...###.88.#
#.#
#..........########....#
#.#
###.####.#####....#'####
#.# #.# #...).)..#.[.#
#.#####.# #######.######
#.......# #.# #########
#.# #.#


You could see an eight-headed hydra.

Vanquished Creatures
  Sigmund (D:2)
  An ice beast (D:5)
  2 sky beasts
  4 ogres
  A centaur (D:5)
  2 howler monkeys (D:5)
  A jelly (D:6)
  3 hounds
  5 orc priests
  Jessica (D:2)
  2 worker ants (D:4)
  5 orc wizards
  A worker ant zombie (D:6)
  Robin (D:3)
  5 gnolls
  9 adders
  2 shadow imps (D:5)
  An ufetubus (D:6)
  An ooze (D:3)
  An adder skeleton (D:5)
  4 worms
  3 dart slugs
  6 leopard geckos
  22 orcs
  2 ball pythons
  11 bats
  4 giant cockroaches
  19 goblins
  13 hobgoblins
  7 jackals
  3 quokkas
  5 frilled lizards
  6 kobolds
  A quokka skeleton (D:5)
  5 rats
160 creatures vanquished.

Notes
Turn   | Place    | Note
-------+----------+-------------------------------------------
     0 | D:1      | Froggeryz the Octopode Berserker began the quest for the
                  | Orb.
     0 | D:1      | Reached XP level 1. HP: 16/16 MP: 1/1
    47 | D:1      | Reached XP level 2. HP: 10/21 MP: 2/2
   488 | D:1      | Reached XP level 3. HP: 23/26 MP: 3/3
  1182 | D:2      | Noticed Jessica
  1184 | D:2      | Reached skill level 4 in Short Blades
  1189 | D:2      | Killed Jessica
  1190 | D:2      | Reached XP level 4. HP: 11/33 MP: 4/4
  1622 | D:2      | Reached ** piety under Trog
  1835 | D:2      | Noticed Sigmund
  1860 | D:2      | Killed Sigmund
  1861 | D:2      | Reached skill level 5 in Short Blades
  1861 | D:2      | Reached XP level 5. HP: 38/38 MP: 5/5
  1861 | D:2      | Reached XP level 6. HP: 44/44 MP: 6/6
  2281 | D:3      | Reached skill level 6 in Short Blades
  2915 | D:3      | Noticed Robin
  2921 | D:3      | Reached skill level 5 in Fighting
  2947 | D:2      | Reached XP level 7. HP: 18/50 MP: 7/7
  3152 | D:3      | Killed Robin
  3414 | D:3      | Found a snail-covered altar of Cheibriados.
  4032 | D:4      | Reached skill level 7 in Short Blades
  4053 | D:4      | Reached skill level 1 in Stealth
  4519 | D:4      | Reached *** piety under Trog
  4939 | D:5      | Entered Level 5 of the Dungeon
  4983 | D:4      | Reached XP level 8. HP: 16/57 MP: 8/8
  5261 | D:5      | Found a basalt altar of Yredelemnul.
  5377 | D:5      | Reached skill level 8 in Short Blades
  6460 | D:6      | Reached **** piety under Trog
  6690 | D:6      | Reached skill level 9 in Short Blades
  6719 | D:6      | Reached XP level 9. HP: 63/63 MP: 9/9
  6805 | D:6      | Noticed an eight-headed hydra
  6863 | D:6      | HP: 2/63 [eight-headed hydra (17)]
  6863 | D:6      | Mangled by an eight-headed hydra

Illustrated notes

Levels and vault maps discovered:
D:1:      dpeg_arrival_fog, layout_basic
D:2:      layout_basic, minmay_tetromino_i2, uniq_sigmund, uniq_jessica
D:3:      layout_basic, old_standard_altar, minmay_fractal_squares_diagonal_5,
          uniq_robin
D:4:      layout_loops_cross
D:5:      layout_basic, basic_altar
D:6:      minmay_chambers_of_fours, layout_loops_corners, serial_shops, shop,
          portal_sewer_entry_f

Skill      XL: |  1  2  3  4  5  6  7  8 |
---------------+-------------------------+-----
Short Blades   | 4 5 6 7 9 |  9.1
Fighting       | 4 5 6 |  6.7
Stealth        | 3 |  3.1
Dodging        | 4 |  4.5

Action                   |  1- 3 |  4- 6 |  7- 9 || total
-------------------------+-------+-------+-------++-------
Melee: Short sword       |    47 |   118 |   170 ||   335
       Constrict         |    10 |    33 |    45 ||    88
       Tentacles         |     5 |    31 |    54 ||    90
Throw: Dart              |       |       |     1 ||     1
  Use: Scroll            |       |     5 |     6 ||    11
 Stab: Sleeping          |     3 |     3 |     5 ||    11
Armor: Skin              |     8 |    12 |     5 ||    25
Dodge: Dodged            |    35 |   125 |    83 ||   243
